 Dungeon Crawl Stone Soup version 0.17-a0-1421-g95311d7 (webtiles) character file.

2 Gorice the Shooter (level 1, 0/17 HPs)
             Began as a Centaur Wanderer on June 24, 2015.
             Slain by a giant gecko (4 damage)
             ... on level 1 of the Dungeon.
             The game lasted 00:01:30 (301 turns).

Gorice the Shooter (Centaur Wanderer)                Turns: 301, Time: 00:01:30

Health: 0/17       AC:  5    Str: 16    XL:     1   Next: 25%
Magic:  2/2        EV:  8    Int: 10    God:
Gold:   14         SH:  0    Dex:  7    Spells: 0 memorised, 2 levels left

rFire  . . .     SeeInvis .     (no weapon)
rCold  . . .     Clarity  .     c - +0 ring mail
rNeg   . . .     SustAt   .     (no shield)
rPois  .         Gourm    .     (no helmet)
rElec  .         Spirit   .     (no cloak)
rCorr  .         Warding  .     (no gloves)
rMut   .         Stasis   .     (no barding)
MR     .....                    (no amulet)
Stlth  ..........               (no ring)
                                (no ring)

@: very quick, not resistant to hostile enchantments, extremely unstealthy
A: hooves 3, deformed body, speed 2, tough skin 3
a: no special abilities


You were on level 1 of the Dungeon.
You were not hungry.

You visited 1 branch of the dungeon, and saw 1 of its levels.

You collected 14 gold pieces.

Inventory:

Hand weapons
 a - a +2 shortbow
Missiles
 b - 17 arrows
 Z - 32 stones (quivered)
Armour
 c - a +0 ring mail (worn)
Scrolls
 f - a scroll of remove curse {unknown}
Potions
 d - a potion of lignification {!q}
Comestibles
 e - a bread ration {!e}
 g - a chunk of flesh
 h - a beef jerky


   Skills:
 + Level 2.1 Fighting
 * Level 2.8 Bows
 - Level 1.3 Throwing
 - Level 1.0 Armour
 - Level 1.0 Stealth
 - Level 1.0 Spellcasting
   Level 1.0 Conjurations
   Level 1.0 Translocations


You had 2 spell levels left.
You didn't know any spells.

Dungeon Overview and Level Annotations

Branches:
Dungeon (1/15)

Altars:


Innate Abilities, Weirdness & Mutations

You have hooves in place of feet.
Armour fits poorly on your strangely shaped body.
You cover ground very quickly.
You have extremely tough skin (AC +3).


Message History

The giant gecko is moderately wounded.
The giant gecko bites you.
Damage: 1 (max 4)
You miss the giant gecko.
The giant gecko is moderately wounded.
The giant gecko barely misses you. x2
You closely miss the giant gecko.
The giant gecko is moderately wounded.
The giant gecko bites you.
Damage: 3 (max 4)
You barely miss the giant gecko.
The giant gecko is moderately wounded.
The giant gecko bites you.
Damage: 2 (max 4)
You miss the giant gecko. Your kick misses the giant gecko.
The giant gecko is moderately wounded.
The giant gecko bites you but does no damage.
You miss the giant gecko.
The giant gecko is moderately wounded.
The giant gecko bites you but does no damage.
You hit the giant gecko. Your kick misses the giant gecko.
The giant gecko is almost dead.
The giant gecko closely misses you.
The giant gecko bites you but does no damage.
You miss the giant gecko. Your kick misses the giant gecko.
The giant gecko is almost dead.
The giant gecko barely misses you.
You closely miss the giant gecko. Your kick misses the giant gecko.
The giant gecko is almost dead.
The giant gecko bites you.
* * * LOW HITPOINT WARNING * * *
Damage: 2 (max 4)
You are too injured to fight recklessly!
You are too injured to fight recklessly!
You are too injured to fight recklessly!
You are too injured to fight recklessly!
You are too injured to fight recklessly!
You are too injured to fight recklessly!
You are too injured to fight recklessly!
You are too injured to fight recklessly!
You are too injured to fight recklessly!
You hit the giant gecko but do no damage.
Your kick misses the giant gecko.
The giant gecko is almost dead.
The giant gecko barely misses you.
Some of the chunks of flesh in your inventory have rotted away.
You closely miss the giant gecko.
The giant gecko is almost dead.
The giant gecko bites you.
You die...

#.###########.#.#
#.#.........#.#.#
#.#####.###.###.#
#.........#.....#
#########.#######
........#
#######.# #.# #@#
#l# ... #.##. #.
.# #. # .. #.


You could see a giant gecko.

Vanquished Creatures
  A giant newt (D:1)
  A goblin (D:1)
  A rat (D:1)
  A plant (D:1)
4 creatures vanquished.

Notes
Turn   | Place    | Note
--------------------------------------------------------------
     0 | D:1      | Gorice the Centaur Wanderer began the quest for the Orb.
     0 | D:1      | Gorice set off with: a +2 shortbow, 22 arrows, a +0 ring mail, a potion of lignification {!q}, a bread ration {!e}
     0 | D:1      | Reached XP level 1. HP: 17/17 MP: 2/2
   299 | D:1      | HP: 4/17 [giant gecko (2)]
   301 | D:1      | Slain by a giant gecko

Vault maps used:
D:1:      onia_arrival_mini_maze

Action                   || total
-------------------------++-------
Melee: Unarmed           ||   167
 Fire: Shortbow          ||    19

Table legend:
 A = Turns spent in this place as a percentage of turns spent in the entire game.
 B = Non-inter-level travel turns spent in this place as a percentage of non-inter-level travel turns spent in the entire game.
 C = Inter-level travel turns spent in this place as a percentage of turns spent in this place.
 D = Turns resting spent in this place as a percentage of non-inter-level travel turns spent in this place.
 E = Turns spent auto-exploring this place as a percentage of non-inter-level travel turns spent in this place.
 F = Non-inter-level travel turns spent in this place divided by the number of levels of this place that you've seen.
                   A       B       C       D       E      F
               +-------+-------+-------+-------+-------+----------------------
         Total | 100.0 | 100.0 |   0.0 |   0.0 |   1.6 | 257.0
       Dungeon | 100.0 | 100.0 |   0.0 |   0.0 |   1.6 | 257.0
               +-------+-------+-------+-------+-------+----------------------

Vault maps used:
D:1:      onia_arrival_mini_maze
